 Dungeon Crawl Stone Soup version 0.31.0-11-ge490571c62 (webtiles) character file.

Game seed: 16101939366937528312

194 NamelessAdventurer the Covered (level 5, -4/41 HPs)
             Began as a Human Fighter on Jan 27, 2024.
             Slain by an orc
             ... wielding a +0 club
              (5 damage)
             ... on level 4 of the Dungeon.
             The game lasted 00:03:48 (1315 turns).

NamelessAdventurer the Covered (Human Fighter)      Turns: 1315, Time: 00:03:49

Health: -4/41      AC:  7    Str: 20    XL:     5   Next: 73%
Magic:  14/14      EV: 11    Int: 10    God:
Gold:   105        SH:  5    Dex: 13    Spells: 4/4 levels left

rFire   + . .        a - +0 long sword
rCold   . . .        c - +0 buckler
rNeg    . . .        i - +0 leather armour "Qiecsyla" {rF+ Str+4 Stlth+}
rPois   .            (no helmet)
rElec   .            (no cloak)
rCorr   .            (no gloves)
SInv    .            (no boots)
Will    .....        (no amulet)
Stlth   +++          e - +4 ring of protection
HPRegen 0.26/turn    h - ring of magical power
MPRegen 0.14/turn

%: no passive effects
@: no status effects
A: explore regen
a: no special abilities


You were on level 4 of the Dungeon.
You visited 1 branch of the dungeon, and saw 4 of its levels.

You collected 105 gold pieces.

Inventory:

Hand Weapons
 a - a +0 long sword (weapon)
Armour
 b - a +0 scale mail
 c - a +0 buckler (worn)
 i - the +0 leather armour "Qiecsyla" (worn) {rF+ Str+4 Stlth+}
   (You found it on level 3 of the Dungeon)

   Str+4:     It affects your strength (+4).
   rF+:       It protects you from fire.
   Stlth+:    It makes you more stealthy.
Jewellery
 e - a +4 ring of protection (left hand)
 h - a ring of magical power (right hand)
Talismans
 k - a maw talisman
Scrolls
 j - a scroll of teleportation
Potions
 d - a potion of might
 f - a potion of curing {unknown}
 g - a potion of brilliance


   Skills:
 * Level 3.5 Fighting
 * Level 3.5 Long Blades
 * Level 3.8 Armour
 * Level 1.3 Dodging
 * Level 1.7 Stealth
 * Level 3.6 Shields


You had 4 spell levels left.
You didn't know any spells.
Your spell library was empty.

Dungeon Overview and Level Annotations

Branches:
Dungeon (4/15)
 Temple: D:4-7

Altars:


Innate Abilities, Weirdness & Mutations

You regain HP and MP as you explore.


Message History

You kill the dart slug!
Found a stone staircase leading down.
Found a stone staircase leading down.
You open the door.
There is an open door here.
Items here: )) ††.
You open the door.
There is an open door here.
There is an open door here.
An orc priest comes into view. It is wielding a +0 flail.
An orc comes into view. It is wielding a +0 club.
An orc priest comes into view. It is wielding a +0 trident.
The orc priest moves out of view.
An orc comes into view. It is wielding a +0 club.
The orc shouts! x2; The orc priest shouts!
The orc priest calls down the wrath of Beogh upon you.
Pain shoots through your body! The orc priest completely misses you.
The orc priest hits you with a +0 trident.
The orc priest casts a cantrip, but nothing happens.
The orc priest hits you from afar with a +0 trident.
The orc priest closely misses you. The orc priest barely misses you.
You hit the orc priest but do no damage.
The orc priest hits you with a +0 flail.
The orc priest misses you. You block the orc's attack.
You barely miss the orc priest. You block the orc priest's attack.
The orc priest barely misses you. The orc hits you with a +0 club.
You hit the orc priest but do no damage.
The orc priest hits you but does no damage.
The orc priest invokes the aid of Beogh against you.
Pain shoots through your body! The orc hits you with a +0 club.
You block the orc priest's attack.
The orc priest hits you but does no damage.
You closely miss the orc priest. The orc barely misses you.
The orc priest hits you but does no damage.
The orc priest calls down the wrath of Beogh upon you.
Pain shoots through your body!
* * * LOW HITPOINT WARNING * * *
The orc hits you with a +0 club.
You die...

#........##.#.####
.......####.#....# ..
.......'..#.####.# .#
.......##.#.# #.# ..
.......##.#.####.# .
..)....##.#......#.# ..
.......##.#####..#.#....
.......+..# #........#
.......#### ##@#######
.......# #..ooo......
.......# #...o#######
.......# #....# ########
#....# #....# #....#
#....+


You could see 2 orc priests and 2 orcs.

Vanquished Creatures
  A bullfrog (D:3)
  Jessica (D:3)
  An iguana (D:4)
  4 adders
  3 dart slugs
  An orc (D:4)
  6 ball pythons
  4 endoplasms
  2 giant cockroaches (D:2)
  3 goblins
  2 hobgoblins
  A bat (D:1)
  4 frilled lizards
  8 kobolds
  A rat (D:3)
42 creatures vanquished.

Notes
Turn   | Place    | Note
-------+----------+-------------------------------------------
     0 | D:1      | NamelessAdventurer the Human Fighter began the quest for
                  | the Orb.
     0 | D:1      | Reached XP level 1. HP: 18/18 MP: 1/1
    42 | D:1      | Reached XP level 2. HP: 24/24 MP: 2/2
   164 | D:2      | Reached XP level 3. HP: 28/29 MP: 3/3
   664 | D:2      | Reached skill level 1 in Stealth
   734 | D:2      | Reached XP level 4. HP: 35/35 MP: 4/4
   910 | D:3      | Noticed a bullfrog
   924 | D:3      | Killed a bullfrog
   925 | D:3      | Reached skill level 1 in Dodging
   925 | D:3      | Reached XP level 5. HP: 30/41 MP: 5/5
   958 | D:3      | Identified the +0 leather armour "Qiecsyla" {rF+ Str+4
                  | Stlth+}
  1036 | D:3      | Noticed Jessica
  1058 | D:3      | Killed Jessica
  1315 | D:4      | HP: 1/41 [orc priest/nerve-wracking pain (14)]
  1315 | D:4      | Slain by an orc

Illustrated notes

Levels and vault maps discovered:
D:1:      dpeg_arrival_rooms_c, layout_basic, serial_rivers,
          chequers_serial_rivers_small_3, chequers_serial_rivers_micro_a,
          chequers_serial_rivers_micro_a, chequers_serial_rivers_marsh
D:2:      layout_rooms
D:3:      layout_basic, uniq_jessica
D:4:      layout_basic, fedhas_altar_fruit_tree, serial_shops,
          nicolae_shop_crystal, uniq_robin

Skill      XL: |  1  2  3  4 |
---------------+-------------+-----
Stealth        | 1 |  1.7
Long Blades    | 3 |  3.5
Dodging        | 1 |  1.3
Fighting       | |  3.5
Armour         | |  3.8
Shields        | |  3.6

Action                     |  1- 3 |  4- 6 || total
---------------------------+-------+-------++-------
  Melee: Long sword        |    87 |    67 ||   154
    Use: Scroll            |     5 |     2 ||     7
   Stab: Sleeping          |       |     1 ||     1
 Armour: Scale mail        |    84 |    19 ||   103
         Leather armour    |       |    28 ||    28
  Dodge: Dodged            |    47 |    37 ||    84
  Block: Buckler           |    34 |    20 ||    54
